Map: Kairos Junction LE

Players

mikka

  • Race: Zerg Zerg
  • League: Diamond
  • Spawn Location: 5:00

A.I. 1 (Medium) - Winner!

  • Race: Terran Terran
  • Spawn Location: 11:00

VOD

Have the link to the VOD?

Description

Time

  • Played on: March 30, 2019, 7:41 a.m.
  • Length: 5:04
Show
View Real Time Build Order
Export as new Build Order

mikka Zerg 

Build Orders: Hatch First 

Get SALT Encoding   

  12  0:01  Drone  
  13  0:12  Overlord  
  13  0:17  Drone  
  14  0:30  Drone x2  
  14  0:34  Drone  
  17  0:52  Hatchery  
  17  0:55  Drone  
  17  0:58  Drone  
  18  1:09  Extractor  
  17  1:13  Spawning Pool  
  17  1:16  Drone  
  17  1:32  Drone x2  
  19  1:42  Overlord  
  19  1:55  Drone  
  19  2:00  Queen  
  22  2:02  Zergling x2  
  22  2:04  Queen  
  22  2:06  Zergling x2  
  26  2:10  Metabolic Boost  
  26  2:14  Extractor  
  25  2:17  Drone x2  
  27  2:24  Drone  
  28  2:40  Queen  
  28  2:42  Lair  
  30  2:49  Overlord  
  30  2:52  Drone x2  
  32  3:07  Zergling x8  
  36  3:16  Queen  
  38  3:25  Overlord  
  38  3:40  Nydus Network  
  42  3:41  Zergling x10  
  42  3:46  Overlord  
  42  3:55  Zergling x6  
  45  3:59  Overlord  
  45  4:08  Zergling x6  
  45  4:09  Zergling x2  
  49  4:16  Nydus Canal  
  49  4:24  Overlord, Zergling x6  
  49  4:29  Zergling x4  
  53  4:42  Zergling x10  
Show
View Real Time Build Order
Export as new Build Order

A.I. 1 (Medium) Terran - Winner!

Build Orders:  

Get SALT Encoding   

  12  0:00  SCV  
  13  0:13  SCV  
  14  0:18  Supply Depot  
  14  0:25  SCV  
  15  0:39  SCV  
  16  0:43  Barracks  
  16  0:49  Refinery  
  16  0:51  SCV  
  17  1:03  SCV  
  18  1:17  Supply Depot  
  18  1:29  Marine  
  19  1:34  Barracks, Orbital Command  
  19  1:44  Refinery  
  19  1:49  Barracks Tech Lab  
  19  2:06  Marine  
  20  2:10  Supply Depot  
  20  2:24  Marine  
  20  2:29  Marine  
  22  2:42  Marine  
  23  2:47  Supply Depot  
  23  2:51  Marine  
  24  2:56  SCV  
  25  3:01  Marine  
  26  3:09  SCV  
  26  3:12  Marine  
  28  3:14  Engineering Bay  
  28  3:21  SCV  
  28  3:23  Marauder  
  31  3:33  SCV  
  31  3:34  Marine  
  33  3:44  Marine  
  33  3:45  SCV  
  33  3:47  Supply Depot  
  35  3:55  Marine  
  35  3:57  SCV  
  37  4:07  Marauder  
  39  4:20  SCV  
  39  4:28  Marauder  
  41  4:42  Marine  
  30  4:50  SCV  
Tags
 
Add a new tag
Caveats
  • Supply blocks, unpowered buildings, or Contaminate may cause inaccurate times.
  • Supply counts are checked every 10 seconds.